 Dungeon Crawl Stone Soup version 0.19.0-2-gae57169 (webtiles) character file.

137 Patchouli the Caller (level 5, -4/29 HPs)
             Began as a Tengu Summoner on Nov 5, 2016.
             Was an Initiate of Sif Muna.
             Shot with an arrow by a centaur (14 damage)
             ... on level 6 of the Dungeon.
             The game lasted 00:14:13 (1951 turns).

Patchouli the Caller (Tengu Summoner)               Turns: 1951, Time: 00:14:14

Health: -4/29      AC:  2    Str:  5 (8)  XL:     5   Next: 20%
Magic:  5/10       EV: 13    Int: 16 (17) God:    Sif Muna [......]
Gold:   196        SH:  0    Dex: 11 (14) Spells: 4 memorised, 0 levels left

rFire  . . .     SeeInvis .     l - -3 short sword (curse)
rCold  . . .     Gourm    .     s - +0 robe {Archmagi}
rNeg   . . .     Faith    .     (no shield)
rPois  .         Spirit   .     (helmet restricted)
rElec  .         Reflect  .     (no cloak)
rCorr  .         Harm     .     (no gloves)
MR     .....                    (boots unavailable)
Stlth  ++........               (no amulet)
                                (no ring)
                                (no ring)

@: no status effects
A: beak, talons 3, able to fly 1
a: Fly, Renounce Religion


You were on level 6 of the Dungeon.
You worshipped Sif Muna.
Sif Muna was noncommittal.
You were not hungry.

You visited 2 branches of the dungeon, and saw 7 of its levels.

You collected 196 gold pieces.

Inventory:

Hand Weapons
 d - a -2 spear
 k - a +1 flail of protection
 l - a cursed -3 short sword (weapon)
 n - a cursed -1 spear
Missiles
 h - 16 tomahawks (quivered)
Armour
 a - a +0 robe
 f - a +2 helmet
 s - a +0 robe of the Archmagi (worn)
Jewellery
 g - a cursed -6 ring of evasion {unknown}
Wands
 i - a wand of digging (13/24)
 r - a wand of disintegration (14/24)
Scrolls
 j - 5 scrolls of identify
Potions
 e - 2 potions of flight
 q - a potion of curing
Books
 b - a book of Callings

   Spells                             Type                      Level
   a - Summon Small Mammal            Summoning                    1
   b - Call Imp                       Summoning                    2
   c - Call Canine Familiar           Summoning                    3
   d - Summon Guardian Golem          Hexes/Summoning              3
   e - Summon Lightning Spire         Summoning/Air                4
   f - Summon Ice Beast               Ice/Summoning                4
Comestibles
 c - 3 bread rations


   Skills:
 + Level 1.4 Fighting
 + Level 1.5 Armour
 + Level 2.8 Dodging
 - Level 2.6 Stealth
 * Level 2.6 Spellcasting
 * Level 0.0 Hexes
 * Level 5.7 Summonings
 + Level 0.1 Invocations
 + Level 0.4 Evocations


You couldn't memorise any spells.
You knew the following spells:

 Your Spells              Type           Power        Failure   Level  Hunger
a - Summon Small Mammal   Summ           ####         1%          1    #......
b - Call Imp              Summ           ####....     3%          2    ##.....
c - Call Canine Familiar  Summ           ####....     8%          3    ###....
d - Summon Guardian Gole  Hex/Summ       ###.....     17%         3    ###....


Dungeon Overview and Level Annotations

Branches:
Dungeon (6/15)             Temple (1/1) D:5

Altars:
Ashenzari
Cheibriados
Dithmenos
Okawaru
Ru
Sif Muna
Vehumet
Xom
Yredelemnul
The Shining One

Annotations:
D:4 Edmund


Innate Abilities, Weirdness & Mutations

You have a beak for a mouth.
You have claws for feet.
You can fly.


Message History

an arrow; 10 gold pieces The centaur shoots an arrow.
The arrow hits you!
You see here an arrow.
The centaur shoots an arrow.
The arrow hits you.
There is an open door here.
You see here an arrow.
Which direction?
You close the door.
The centaur shoots an arrow.
The arrow barely misses you.
There's something blocking the doorway.
You open the door.
The centaur shoots an arrow.
The arrow closely misses you.
There is an open door here.
Casting: Call Imp
Confirm with . or Enter, or press ? or * to list all spells.
You feel a surge of power!
Casting: Call Canine Familiar
Confirm with . or Enter, or press ? or * to list all spells.
You feel a surge of power!
A beastly little devil appears in a puff of frigid air.
The centaur shoots an arrow.
The arrow hits you!
You die...

#....... #...c...
#.......
#######..)...
$.#####
..#.........#
......#
.........c..+
......# #..((...#
......#
#....(..###+#......#
######(##@h.......!.
#...#...........
#..(c.5.........
#...#....#+####.
#####....#
..[......#
.........#
.........#
.........#


You could see a centaur, a friendly hound and a friendly white imp.

Vanquished Creatures
  4 bats
  A jackal (D:1)
  A ball python (D:1)
  A frilled lizard (D:1)
  A kobold (D:3)
  2 rats (D:3)
10 creatures vanquished.

Vanquished Creatures (collateral kills)
  A crimson imp (D:3)
  3 hounds
  2 worker ants
  2 adders (D:3)
  3 worms (D:2)
  A dart slug (D:3)
  2 leopard geckos
  2 bats (D:2)
  3 giant cockroaches
  6 goblins
  3 hobgoblins
  2 jackals (D:1)
  6 kobolds
  2 frilled lizards
  4 rats
42 creatures vanquished.

Grand Total: 52 creatures vanquished

Notes
Turn   | Place    | Note
-------+----------+-------------------------------------------
     0 | D:1      | Patchouli the Tengu Summoner began the quest for the Orb.
     0 | D:1      | Reached XP level 1. HP: 10/10 MP: 4/4
   235 | D:1      | Reached XP level 2. HP: 15/15 MP: 3/6
   260 | D:1      | Learned a level 2 spell: Call Imp
   411 | D:2      | Reached skill level 5 in Summonings
   694 | D:2      | Reached skill level 1 in Fighting
   706 | D:2      | Reached XP level 3. HP: 19/20 MP: 3/7
   807 | D:3      | Learned a level 3 spell: Call Canine Familiar
  1067 | D:3      | Reached skill level 1 in Armour
  1067 | D:3      | Reached XP level 4. HP: 25/25 MP: 4/8
  1087 | D:4      | Noticed Edmund
  1228 | D:3      | Found a sacrificial altar of Ru.
  1433 | D:5      | Entered Level 5 of the Dungeon
  1458 | D:5      | Noticed a gnoll sergeant
  1469 | D:5      | Found a staircase to the Ecumenical Temple.
  1479 | Temple   | Entered the Ecumenical Temple
  1548 | Temple   | Became a worshipper of Sif Muna the Loreminder
  1640 | D:5      | Gained mutation: You can fly. [Tengu growth]
  1640 | D:5      | Reached XP level 5. HP: 29/29 MP: 2/9
  1720 | D:5      | Noticed a phantom
  1760 | D:5      | Noticed a centaur
  1892 | D:6      | Learned a level 3 spell: Summon Guardian Golem
  1939 | D:6      | Noticed a centaur
  1951 | D:6      | Shot with an arrow by a centaur

Skill      XL: |  1  2  3 |
---------------+----------+-----
Summonings     | 5 |  5.7
Fighting       | 1 |  1.4
Armour         | 1 |  1.5
Dodging        | |  2.8
Stealth        | |  2.6
Spellcasting   | |  2.6
Invocations    | |  0.1
Evocations     | |  0.4

Action                   |  1- 3 |  4- 6 || total
-------------------------+-------+-------++-------
Melee: Spear             |    52 |    10 ||    62
       Kick              |     4 |     1 ||     5
       Peck              |     3 |       ||     3
       Short sword       |       |     2 ||     2
 Cast: Summon Small Mamm |    22 |       ||    22
       Call Imp          |    21 |     8 ||    29
       Call Canine Famil |     4 |     9 ||    13
  Use: Scroll            |       |     7 ||     7
       Potion            |       |     6 ||     6
 Stab: Sleeping          |     1 |     3 ||     4
       Distracted        |     1 |       ||     1
  Eat: Chunk             |     3 |     3 ||     6
       Beef jerky        |       |     1 ||     1
Armor: Robe              |    12 |     1 ||    13
Dodge: Dodged            |    40 |    16 ||    56
